Match 39712184
Unlisted

Match 39712184
End
Construct Barracks
Selects Airborne Battlegroup
Selects Smoke Bombing Run
Selects Pathfinders
Riflemen Squad
Riflemen Squad
M1 Mortar Team
Riflemen Squad
Grenade Package
Air Support Center
Selects Paratrooper Squad Paradrop
Grasshopper Recon Run
M1918 Browning Automatic Rifles
Riflemen Squad
Construct Medical Station
P-47 Strafing Run
AI Takeover
General Trump
Blaze Rembrandt
socialist system is better
Mael Radec
Orconaut
musemacher
信仰万丈光芒
Kai-shek Logistics
0
0

Comments sign in to comment!

No comments posted yet!